 Dungeon Crawl Stone Soup version 0.29-a0-251-g80730f7218 (webtiles) character file.

Game seed: 7477572614964539268

60 drugrobin the Chopper (level 3, 0/30 HPs)
             Began as a Demigod Fighter on Mar 6, 2022.
             Slain by Grinder (8 damage)
             ... on level 3 of the Dungeon.
             The game lasted 00:04:09 (2134 turns).

drugrobin the Chopper (Demigod Fighter)             Turns: 2134, Time: 00:04:10

Health: 0/30       AC: 10    Str: 21    XL:     3   Next: 55%
Magic:  5/5        EV:  7    Int: 10    God:
Gold:   157        SH:  4    Dex: 13    Spells: 2/2 levels left

rFire   . . .      SeeInvis .   b - +1 mace (drain)
rCold   . . .      Faith    .   k - +0 buckler
rNeg    . . .      Spirit   .   n - +0 chain mail
rPois   .          Reflect  .   r - +0 helmet
rElec   .          Harm     .   (no cloak)
rCorr   .          Rampage  .   (no gloves)
Will    .....                   (no boots)
Stlth   ..........              (no amulet)
HPRegen 0.10/turn               o - ring of wizardry
MPRegen 0.09/turn               (no ring)

@: mighty
A: high MP 1, forlorn, divine attributes
a: no special abilities


You were on level 3 of the Dungeon.
You visited 1 branch of the dungeon, and saw 3 of its levels.

You collected 157 gold pieces.

Inventory:

Hand Weapons
 a - a +0 war axe
 b - a +1 mace of draining (weapon)
 c - a +0 hand axe
Missiles
 h - 7 poisoned darts (quivered)
 i - 43 stones
 m - 2 javelins
Armour
 k - a +0 buckler (worn)
 n - a +0 chain mail (worn)
 r - a +0 helmet (worn)
Jewellery
 o - a ring of wizardry (left hand)
Scrolls
 e - a scroll of holy word {unknown}
 f - a scroll of teleportation {unknown}
 j - a scroll of noise {unknown}
 l - a scroll of fog {unknown}
 p - 2 scrolls of identify {unknown}
 s - a scroll of enchant armour {unknown}
 t - a scroll of immolation {unknown}
Potions
 g - 2 potions of curing {unknown}
 q - a potion of flight {unknown}


   Skills:
 - Level 2.6 Fighting
 + Level 3.8 Axes
 - Level 2.6 Armour
 - Level 2.6 Shields


You had 2 spell levels left.
You didn't know any spells.
Your spell library was empty.

Dungeon Overview and Level Annotations

Branches:
Dungeon (3/15)

Annotations:
D:2 1 runed translucent door, Crazy Yiuf
D:3 Grinder


Innate Abilities, Weirdness & Mutations

You have an increased reservoir of magic. (+10% MP)
You shall have no god before yourself.
Your divine heritage dramatically boosts your attributes as you level up.


Message History

You aren't carrying any items that you can evoke.
You feel very mighty all of a sudden.
Grinder shouts!
Grinder barely misses you.
You thump Grinder!
Grinder is moderately wounded.
Grinder gestures at you.
You suddenly lose the ability to move!
Grinder zaps a wand.
The puff of flame hits you. Grinder hits you but does no damage.
Grinder gestures at you. Pain shoots through your body!
Grinder blinks!
You can move again.
Unknown command.
Grinder gestures at you.
You shrug off the repeated paralysis!
Unknown command.
Unknown command.
Grinder hits you but does no damage.
Unknown command.
Unknown command.
You closely miss Grinder.
Grinder is moderately wounded.
Grinder hits you.
You writhe in agony.
Grinder gestures at you. Pain shoots through your body!
* * * LOW HITPOINT WARNING * * *
Unknown command.
Unknown command.
You barely miss Grinder.
Grinder is moderately wounded.
Grinder zaps a wand.
The puff of flame hits you but does no damage.
Unknown command.
Unknown command.
You sock Grinder!
Grinder is heavily wounded.
Grinder hits you!
You die...

......#.# #.# #..# #........
........# #.# #..###.##........
.###....# #.# #......##........
........###.#####..######........
...............##......##........
.####..####.##.##.............###
.# #..# #.##.#..###..########
.####..# #.##.#..# #...# ....#.>#
#.##.#@.###...#
....#..####....5....##..#
....'........#.#..####...#
....##..............##...#
....##...##..###..####...#
######...##..###[.# ##...
#........##..# ....
#.......<##..# #....
######†....##..# ##...


You could see Grinder.

Vanquished Creatures
  An adder (D:2)
  A worm (D:2)
  A dart slug (D:1)
  2 orcs
  6 endoplasms
  3 giant cockroaches
  4 hobgoblins
  4 jackals
  A quokka (D:1)
  6 ball pythons
  3 bats
  A goblin (D:1)
  4 kobolds
  3 rats
40 creatures vanquished.

Notes
Turn   | Place    | Note
-------+----------+-------------------------------------------
     0 | D:1      | drugrobin the Demigod Fighter began the quest for the Orb.
     0 | D:1      | Reached XP level 1. HP: 18/18 MP: 3/3
    36 | D:1      | You fall into a shaft and drop 1 floor!
    68 | D:2      | Found a runed translucent door.
    69 | D:2      | Noticed Crazy Yiuf
    89 | D:2      | Reached skill level 2 in Axes
   203 | D:1      | Reached XP level 2. HP: 23/25 MP: 4/4
   466 | D:1      | Reached skill level 3 in Axes
   755 | D:2      | Reached XP level 3. HP: 6/30 MP: 5/5
  1544 | D:3      | Noticed Grinder
  1562 | D:3      | Paralysed by Grinder for 6 turns
  2125 | D:3      | Paralysed by Grinder for 5 turns
  2134 | D:3      | Slain by Grinder

Illustrated notes

Levels and vault maps discovered:
D:1:      lightli_arrival_quake, layout_rooms
D:2:      layout_loops_ring, basic_altar, ebering_ecumenical_altar_box,
          uniq_crazy_yiuf_cottage
D:3:      layout_basic, serial_curves, eino_curves_04, eino_curves_02,
          uniq_sigmund, uniq_grinder

Skill      XL: |  1  2 |
---------------+-------+-----
Axes           | 2 3 |  3.8
Fighting       | |  2.6
Armour         | |  2.6
Shields        | |  2.6

Action                   || total
-------------------------++-------
Melee: Mace              ||    95
       War axe           ||     6
  Use: Potion            ||     1
Armor: Scale mail        ||    22
       Chain mail        ||    25
Dodge: Dodged            ||    49
Block: Buckler           ||    26

Table legend: (Time is in decaauts)
 A = Elapsed time spent in this place.
 B = Non-inter-level travel time spent in this place.
 C = Inter-level travel time spent in this place.
 D = Time resting spent in this place.
 E = Time spent auto-exploring this place.
 F = Levels seen in this place.
 G = Mean time per level.
                   A        B        C        D        E       F      G
               +--------+--------+--------+--------+--------+-----+--------+
         Total |   2169 |   2058 |    111 |    410 |   1024 |   3 |  723.0 |
       Dungeon |   2169 |   2058 |    111 |    410 |   1024 |   3 |  723.0 |
               +--------+--------+--------+--------+--------+-----+--------+

Top non-repeatable levels by time:
     D:2: 1145 daAuts
     D:1: 527 daAuts
     D:3: 495 daAuts
